 Dungeon Crawl Stone Soup version 0.18-a0-1426-g3b9a63c (webtiles) character file.

28 GrosslyIncandescent the Insei (level 3, 0/29 HPs)
             Began as a Mummy Monk on Feb 27, 2016.
             Slain by Natasha (5 damage)
             ... on level 1 of the Dungeon.
             The game lasted 00:01:55 (1093 turns).

GrosslyIncandescent the Insei (Mummy Monk)          Turns: 1093, Time: 00:01:55

Health: 0/29       AC:  0    Str: 14    XL:     3   Next: 0%
Magic:  3/3        EV: 13    Int:  9    God:
Gold:   31         SH:  0    Dex: 15    Spells: 0 memorised, 2 levels left

rFire  x . .     SeeInvis .       - Unarmed
rCold  + . .     Gourm    .     (no armour)
rNeg   + + +     Faith    .     (no shield)
rPois  ∞         Spirit   .     (no helmet)
rElec  .         Dismiss  .     (no cloak)
rCorr  .         Reflect  .     (no gloves)
SustAt .         Harm     .     (no boots)
MR     .....                    (no amulet)
Stlth  ++........               (no ring)
                                (no ring)

@: not resistant to hostile enchantments, unstealthy
A: no food or potions, fire vulnerability, cold resistance 1, negative energy
resistance 3, torment resistance, unbreathing
a: no special abilities


You were on level 1 of the Dungeon.
You were not hungry.

You visited 1 branch of the dungeon, and saw 2 of its levels.

You collected 31 gold pieces.


Innate Abilities, Weirdness & Mutations

You do not eat or drink.
Your flesh is vulnerable to fire.
You are immune to poison.
Your flesh is cold resistant.
You are immune to negative energy.
You are immune to unholy pain and torment.
You can survive without breathing.


   Skills:
 - Level 3.0 Fighting
 - Level 2.4 Dodging
 - Level 1.5 Stealth
 + Level 4.1 Unarmed Combat


You had 2 spell levels left.
You didn't know any spells.

Inventory:

Scrolls
 a - 3 scrolls of magic mapping {unknown}
 b - 2 scrolls of identify {unknown}

Dungeon Overview and Level Annotations

Branches:
Dungeon (2/15)

Altars:

Annotations:
D:1 Natasha

▒...▒▒.♣.▒▒▒.⌠.▒▒.▒▒▒
▒..▒▒▒▒.▒▒▒.▒.▒▒▒▒...
▒..▒.▒▒▒.▒.▒▒▒.▒.▒...
▒.▒.⌠.▒▒▒.♣.▒▒▒.♣.▒..
▒..▒.▒.▒▒▒.▒.▒▒▒.▒...
▒▒.▒▒▒▒.▒.▒▒▒.▒▒▒▒.▒▒
▒▒▒▒▒▒.▒▒.⌠.▒▒▒.⌠.▒▒.)▒▒
▒.....gh▒▒.▒▒▒.▒.▒▒...▒▒
▒......M..▒.....▒..▒....
▒[......▒....▒....▒▒...▒
▒.......▒▒▒▒..▒▒▒▒▒▒...▒
▒.......▒.....▒ ▒!..▒
▒.......▒...▒.▒ ▒▒▒...▒
▒.......▒...▒.▒▒ ▒......
▒.......▒...▒..▒ ▒.▒▒.▒▒
▒.......▒...▒▒.▒ ▒.▒▒.▒▒
▒....[..▒...▒▒.▒▒▒.▒▒.▒▒


You could see Natasha and a hobgoblin.


Message History

a club; a goblin corpse You hear a distant "Zot"!!!
HP restored!
You hear a distant "Zot"!!!
You hear a distant "Zot"!!!
There is a stone staircase leading down here!
You climb downwards!
An ooze, a hobgoblin and Natasha come into view!
The hobgoblin shouts!!!
The ooze quivers!
Natasha casts a spell at you! The magic dart hits you!!!
The hobgoblin hits you with a club! * * * don't die
* * * Natasha wildly gestures!
Natasha's fingertips start to glow!
There is a stone staircase leading up here!
The hobgoblin hits you but does no damage!
Natasha claws you!!! * * * don't die
* * * You climb upwards!
There is a stone staircase leading down here!
Unknown command!
Enter note: RIGHT AT YOUR FINGERTITS You closely miss Natasha!
The hobgoblin hits you with a club! * * * don't die
* * * Natasha closely misses you!
You pulverise Natasha!
Natasha is moderately wounded!
The hobgoblin misses you! Natasha claws you! rip

Action                   || total
-------------------------++-------
Melee: Unarmed           ||    47
 Stab: Sleeping          ||     7

Vault maps used:
D:1:      evilmike_arrival_sounds_zot, grunt_decor_mini_mirrors
D:2:      nicolae_overflow_hidden_temple, uniq_natasha, uniq_sigmund

Notes
Turn   | Place    | Note
--------------------------------------------------------------
     0 | D:1      | GrosslyIncandescent the Mummy Monk began the quest for the Orb.
     0 | D:1      | Reached XP level 1. HP: 18/18 MP: 1/1
     0 | D:1      | I can't believe how awful these things look
   240 | D:1      | Reached XP level 2. HP: 20/24 MP: 2/2
   701 | D:1      | Reached skill level 4 in Unarmed Combat
  1048 | D:1      | Reached XP level 3. HP: 27/29 MP: 3/3
  1089 | D:2      | Noticed Natasha
  1092 | D:1      | RIGHT AT YOUR FINGERTITS
  1093 | D:1      | Slain by Natasha

Vanquished Creatures
  2 oozes (D:1)
  2 giant geckos (D:1)
  A giant cockroach (D:1)
  2 goblins (D:1)
  A hobgoblin (D:1)
  2 kobolds (D:1)
  4 bats (D:1)
  3 rats (D:1)
17 creatures vanquished.
